Map: Orbital Shipyard

Players

Soundwave - Winner!

  • Race: Zerg Zerg

A.I. 1 (Very Hard)

  • Race: Protoss Protoss

VOD

Have the link to the VOD?

Description

Time

  • Played on: Nov. 17, 2015, 2:51 a.m.
  • Length: 19:12
Show
View Real Time Build Order
Export as new Build Order

Soundwave Zerg - Winner!

Build Orders: Hatch First, Lurkers 

Get SALT Encoding   

  12  0:01  Drone  
  13  0:08  Drone  
  14  0:19  Extractor  
  14  0:20  Drone  
  15  0:40  Hatchery  
  14  0:46  Extractor  
  14  0:47  Drone  
  15  1:01  Spawning Pool  
  14  1:06  Extractor x2  
  14  1:07  Drone  
  14  1:10  Drone  
  14  1:16  Overlord  
  16  1:47  Queen  
  16  1:53  Queen  
  20  1:57  Drone  
  20  2:00  Overlord  
  21  2:07  Drone x2  
  23  2:12  Extractor  
  23  2:13  Drone  
  23  2:15  Drone  
  24  2:19  Drone  
  25  2:23  Queen  
  27  2:36  Extractor  
  26  2:39  Drone x3  
  26  2:40  Drone  
  30  2:46  Roach Warren  
  30  2:48  Drone x2  
  31  2:59  Drone  
  31  3:00  Drone x2  
  34  3:12  Drone  
  35  3:22  Metabolic Boost  
  35  3:30  Evolution Chamber, Overlord, Queen  
  35  3:31  Evolution Chamber  
  35  3:39  Drone  
  36  3:49  Zergling x4  
  36  3:50  Zergling x6  
  41  4:09  Zerg Ground Armor Level 1, Zerg Melee Weapons Level 1  
  41  4:13  Hatchery  
  40  4:26  Lair  
  40  4:33  Drone x4  
  44  5:11  Overlord x2  
  44  5:12  Overlord  
  44  5:32  Spine Crawler  
  43  5:42  Drone x2  
  45  5:43  Drone x4  
  45  5:46  Extractor  
  45  5:48  Extractor  
  47  5:53  Hydralisk Den, Infestation Pit, Zergling x6  
  47  5:54  Zergling x12  
  54  6:03  Zerg Melee Weapons Level 2  
  54  6:07  Zerg Ground Armor Level 2  
  54  6:08  Zergling x2  
  54  6:09  Zergling x12  
  54  6:10  Zergling x4  
  63  6:24  Drone x3  
  66  6:25  Drone  
  66  6:26  Drone x2  
  69  6:35  Muscular Augments  
  69  7:00  Hydralisk x2  
  73  7:03  Overlord x5  
  73  7:04  Overlord x2  
  73  7:05  Overseer  
  73  7:45  Hydralisk x3  
  73  7:46  Hydralisk x4  
  73  7:48  Hatchery  
  86  7:53  Lurker Den  
  86  7:59  Hive  
  85  8:33  Hydralisk  
  85  8:34  Hydralisk x7  
  101  8:44  Zergling x2  
  101  8:45  Zergling x10  
  101  8:47  Overlord  
  80  9:25  Lurker x5  
  80  9:27  Zergling x2  
  80  9:28  Zergling x14  
  80  9:29  Zergling x14  
  100  9:36  Drone x3  
  100  9:37  Drone  
  104  9:39  Drone  
  104  9:41  Drone  
  106  9:55  Queen  
  106  9:58  Drone x4  
  106  9:59  Drone x2  
  114  10:01  Drone  
  114  10:03  Drone  
  114  10:05  Drone  
  117  10:14  Queen  
  117  10:16  Overlord  
  119  10:22  Extractor x2  
  119  10:24  Drone x3  
  119  10:26  Drone x3  
  123  10:30  Drone  
  123  10:31  Drone x3  
  123  10:35  Lurker x3  
  130  10:36  Lurker  
  131  11:50  Ultralisk Cavern  
  130  11:58  Hydralisk x2  
  130  12:01  Overlord x5  
  134  12:02  Overlord x7  
  134  12:03  Overlord x4  
  134  12:05  Overseer x3  
  134  12:06  Overseer x2  
  134  12:40  Hydralisk x4  
  134  12:41  Hydralisk  
  134  12:42  Ultralisk x6  
  134  12:43  Ultralisk  
  186  12:44  Zergling x2  
  186  12:50  Chitinous Plating  
  187  12:55  Zerg Melee Weapons Level 3  
  187  12:56  Extractor  
  186  12:59  Extractor  
  185  13:22  Zerg Ground Armor Level 3  
  185  13:47  Hydralisk x4  
  185  13:48  Hydralisk x3  
  167  13:49  Ultralisk  
  167  13:51  Zergling x2  
  167  13:52  Zergling x12  
  167  13:53  Zergling x8  
  185  14:18  Ultralisk  
  185  14:19  Ultralisk  
  197  14:41  Hatchery  
  197  14:44  Zergling x2  
  197  14:45  Zergling x6  
  200  15:25  Hatchery  
  200  15:26  Extractor  
  198  15:29  Extractor  
  197  15:49  Hydralisk x6  
  191  15:50  Hydralisk  
  188  16:00  Ultralisk x2  
  191  16:11  Hydralisk x2  
  191  16:12  Hydralisk x2  
  198  16:21  Zerg Missile Weapons Level 1  
  198  16:23  Adrenal Glands  
  198  16:24  Zergling x2  
  198  16:25  Zergling x4  
  194  16:54  Zergling x4  
  194  16:55  Zergling x14  
  194  16:56  Zergling x4  
  199  19:02  Hatchery  
Show
View Real Time Build Order
Export as new Build Order

A.I. 1 (Very Hard) Protoss 

Build Orders: Zealot Archon, Dark Templar Rush 

Get SALT Encoding   

  12  0:01  Probe (Chrono Boost)  
  13  0:11  Probe (Chrono Boost)  
  14  0:20  Pylon  
  14  0:22  Probe (Chrono Boost)  
  15  0:38  Probe (Chrono Boost)  
  16  0:47  Assimilator  
  16  0:49  Probe (Chrono Boost), Gateway  
  17  0:59  Probe (Chrono Boost)  
  17  1:01  Pylon  
  18  1:10  Probe (Chrono Boost)  
  19  1:20  Probe (Chrono Boost)  
  20  1:31  Probe (Chrono Boost)  
  21  1:33  Assimilator  
  21  1:35  Zealot  
  21  1:39  Cybernetics Core  
  23  1:43  Probe (Chrono Boost)  
  24  1:54  Probe (Chrono Boost)  
  24  2:00  Zealot  
  24  2:05  Probe (Chrono Boost)  
  27  2:09  Warp Gate  
  27  2:17  Probe (Chrono Boost)  
  27  2:18  Twilight Council  
  27  2:21  Pylon  
  28  2:27  Stalker  
  28  2:29  Probe (Chrono Boost)  
  31  2:40  Gateway  
  31  2:53  Probe (Chrono Boost)  
  32  2:58  Dark Shrine  
  32  3:04  Probe (Chrono Boost)  
  33  3:07  Gateway  
  33  3:15  Probe (Chrono Boost)  
  33  3:18  Pylon  
  34  3:22  Zealot  
  37  3:27  Probe (Chrono Boost)  
  37  3:28  Zealot  
  39  3:40  Pylon  
  39  4:01  Adept  
  39  4:04  Nexus  
  41  4:11  Dark Templar  
  43  4:19  Dark Templar  
  45  4:26  Archon  
  45  4:36  Dark Templar  
  47  4:40  Pylon  
  47  4:42  Dark Templar  
  49  4:48  Archon  
  49  4:49  Dark Templar  
  51  5:07  Stalker  
  53  5:22  Dark Templar, Probe (Chrono Boost)  
  53  5:24  Assimilator  
  53  5:25  Probe (Chrono Boost)  
  57  5:28  Archon  
  57  5:36  Assimilator  
  57  5:44  Probe (Chrono Boost)  
  57  5:45  Dark Templar  
  57  5:46  Probe (Chrono Boost)  
  61  5:55  Probe (Chrono Boost)  
  63  5:57  Probe (Chrono Boost)  
  63  6:02  Dark Templar  
  65  6:06  Probe (Chrono Boost)  
  65  6:07  Stalker  
  65  6:09  Probe (Chrono Boost), Archon  
  69  6:12  Pylon  
  69  6:18  Probe (Chrono Boost)  
  70  6:20  Dark Templar  
  72  6:31  Probe (Chrono Boost), Dark Templar  
  72  6:32  Probe (Chrono Boost)  
  76  6:35  Pylon  
  76  6:36  Stalker  
  78  6:42  Probe (Chrono Boost)  
  78  6:44  Probe (Chrono Boost)  
  80  6:49  Sentry  
  80  6:53  Probe (Chrono Boost)  
  83  6:55  Probe (Chrono Boost)  
  83  6:57  Adept, Pylon  
  86  7:02  Stalker  
  86  7:05  Probe (Chrono Boost)  
  86  7:07  Probe (Chrono Boost)  
  90  7:11  Sentry  
  93  7:17  Stalker, Probe (Chrono Boost), Robotics Facility  
  93  7:18  Probe (Chrono Boost)  
  93  7:21  Pylon  
  96  7:28  Stalker  
  96  7:29  Probe x2 (Chrono Boost)  
  100  7:39  Stalker x2  
  104  7:44  Pylon  
  104  7:50  Stalker  
  105  8:00  Stalker x2  
  105  8:03  Observer  
  110  8:06  Pylon  
  110  8:13  Adept  
  110  8:15  Nexus  
  112  8:20  Immortal  
  112  8:21  Sentry  
  112  8:26  Forge  
  118  8:29  Pylon  
  118  8:46  Forge  
  118  8:49  Pylon  
  118  8:53  Protoss Ground Weapons Level 1  
  118  8:57  Stalker, Gateway  
  118  8:58  Immortal  
  118  9:01  Zealot  
  118  9:02  Sentry  
  102  9:12  Protoss Ground Armor Level 1  
  88  9:18  Dark Templar  
  88  9:19  Zealot  
  79  9:24  Dark Templar  
  79  9:28  Probe (Chrono Boost)  
  79  9:30  Probe (Chrono Boost)  
  84  9:31  Probe (Chrono Boost)  
  84  9:32  Archon  
  84  9:36  Assimilator  
  84  9:38  Adept  
  87  9:39  Probe (Chrono Boost)  
  89  9:45  Probe (Chrono Boost)  
  89  9:46  Probe (Chrono Boost)  
  89  9:49  Dark Templar  
  89  9:51  Probe (Chrono Boost), Zealot  
  94  9:55  Observer  
  94  9:56  Zealot  
  94  9:57  Probe (Chrono Boost), Dark Templar  
  100  10:02  Probe (Chrono Boost)  
  100  10:05  Probe (Chrono Boost)  
  102  10:07  Archon  
  102  10:08  Probe (Chrono Boost)  
  102  10:11  Dark Templar  
  106  10:15  Zealot, Assimilator  
  106  10:16  Probe (Chrono Boost)  
  106  10:20  Probe (Chrono Boost)  
  106  10:21  Probe (Chrono Boost), Zealot  
  112  10:27  Probe (Chrono Boost), Dark Templar  
  115  10:31  Probe (Chrono Boost)  
  115  10:33  Probe (Chrono Boost), Zealot  
  119  10:37  Archon  
  119  10:39  Probe (Chrono Boost)  
  119  10:41  Stalker, Dark Templar  
  125  10:43  Probe (Chrono Boost)  
  125  10:52  Stalker  
  125  10:55  Pylon  
  127  10:57  Zealot  
  127  11:02  Stalker  
  131  11:07  Photon Cannon  
  131  11:09  Pylon  
  131  11:11  Stalker  
  131  11:12  Pylon  
  131  11:13  Sentry  
  131  11:15  Zealot  
  131  11:18  Templar Archives  
  137  11:22  Stalker  
  139  11:31  Photon Cannon  
  139  11:32  Adept  
  141  11:33  Dark Templar  
  141  11:34  Stalker  
  141  11:35  Photon Cannon  
  145  11:43  Zealot  
  145  11:45  Pylon, Archon  
  147  11:47  Gateway  
  147  11:50  Stalker  
  149  11:55  Dark Templar, Nexus  
  149  12:01  Stalker  
  153  12:02  Dark Templar  
  153  12:03  Psionic Storm  
  154  12:11  Stalker  
  154  12:13  Photon Cannon  
  156  12:17  Archon  
  156  12:22  High Templar  
  158  12:24  Photon Cannon  
  158  12:25  Dark Templar  
  158  12:29  Warp Prism  
  160  12:30  Pylon  
  160  12:32  Stalker x2  
  166  12:41  Stalker, Archon  
  168  12:52  Dark Templar  
  168  12:53  Stalker, Dark Templar  
  168  12:55  Pylon  
  174  12:58  Archon  
  174  12:59  Dark Templar  
  174  13:01  Warp Prism  
  178  13:06  Dark Templar  
  178  13:08  Probe x3 (Chrono Boost)  
  183  13:16  High Templar  
  183  13:18  Assimilator  
  185  13:21  Pylon  
  185  13:24  Assimilator  
  185  13:26  Protoss Ground Weapons Level 2, High Templar  
  187  13:29  Zealot x2  
  191  13:36  Observer, Zealot  
  191  13:37  Archon  
  188  13:46  Dark Templar  
  188  13:48  Stalker, Zealot  
  134  13:55  Adept  
  93  13:56  Observer, Zealot  
  96  14:06  Zealot  
  96  14:09  Zealot  
  100  14:13  Sentry  
  100  14:15  Sentry  
  100  14:16  Zealot  
  106  14:18  Immortal  
  110  14:25  Stalker  
  110  14:28  Zealot  
  114  14:34  Zealot  
  114  14:35  Zealot  
  114  14:36  Zealot  
  120  14:46  Dark Templar  
  120  14:47  Adept  
  124  14:53  Stalker, Zealot  
  124  14:54  Immortal  
  124  14:55  Zealot, Archon  
  134  15:05  Dark Templar  
  135  15:12  High Templar  
  135  15:13  Dark Templar  
  139  15:15  Zealot x2  
  143  15:21  Archon  
  143  15:29  Immortal  
  143  15:33  Adept, Photon Cannon  
  143  15:34  Zealot  
  151  15:35  High Templar  
  153  15:43  Zealot  
  153  15:44  Stalker  
  125  15:51  Dark Templar  
  125  15:52  Zealot  
  101  16:01  Sentry  
  81  16:05  Stalker, Probe x2 (Chrono Boost)  
  81  16:06  Stalker, Immortal  
  81  16:11  Adept  
  82  16:12  Probe x2 (Chrono Boost)  
  82  16:16  Probe (Chrono Boost)  
  65  16:21  Dark Templar  
  65  16:23  Sentry, Probe x2 (Chrono Boost)  
  68  16:27  Zealot  
  68  16:28  Dark Templar, Probe (Chrono Boost)  
  68  16:30  Zealot  
  65  16:34  Probe (Chrono Boost)  
  65  16:35  Probe (Chrono Boost)  
  68  16:40  Probe (Chrono Boost)  
  68  16:45  Stalker, Probe (Chrono Boost)  
  75  16:51  Sentry, Probe (Chrono Boost)  
  75  16:53  Probe (Chrono Boost)  
  71  16:55  Pylon  
  64  17:09  Probe (Chrono Boost)  
  64  17:10  Probe (Chrono Boost)  
  60  17:19  Probe (Chrono Boost), Pylon  
  60  17:20  Probe (Chrono Boost)  
  62  17:24  Gateway  
  62  17:27  Forge  
  62  17:29  Gateway  
  62  17:43  Pylon  
  62  17:49  Nexus  
  56  17:53  Probe x2 (Chrono Boost)  
  56  17:54  Assimilator  
  56  17:56  Assimilator  
  49  18:03  Probe (Chrono Boost), Photon Cannon  
  49  18:05  Pylon  
  39  18:19  Probe (Chrono Boost)  
  39  18:20  Gateway  
  39  18:27  Pylon  
  39  18:29  Probe (Chrono Boost)  
  40  18:40  Probe (Chrono Boost)  
  41  18:45  Zealot  
  41  18:47  Pylon  
  43  18:55  Zealot  
  32  19:04  Zealot  
Tags
 
Add a new tag
Caveats
  • Supply blocks, unpowered buildings, or Contaminate may cause inaccurate times.
  • Supply counts are checked every 10 seconds.